SL
BUFFALO WHITE WALKERS @ PHOENIX HOTSPUR
09/03/2038
 
TOP OF THE 1ST
Buffalo White Walkers batting - Pitching for Phoenix Hotspur : RHP Jorge Otero
Pitching: RHP Jorge Otero
Batting: LHB Jesús Lazcano 0-0: Ball
1-0: Ground out 4-3 (Groundball, 4, EV 83.1 MPH)
Batting: SHB Max Bortenschlager 0-0: Ball
1-0: Called Strike
1-1: Foul Ball, location: 2F
1-2: Ground out 6-3 (Groundball, 56, EV 107.5 MPH)
Batting: SHB Je-myung Yu 0-0: Ball
1-0: SINGLE (Line Drive, 34, EV 94.4 MPH)
Batting: RHB Derek Bangert 0-0: Called Strike
0-1: Ball
1-1: 2-RUN HOME RUN (Flyball, 78XD, EV 111.2 MPH), Distance : 435 ft
Batting: LHB Dread Roberts 0-0: Called Strike
0-1: Ground out 4-3 (Groundball, 4, EV 93.1 MPH)
Top of the 1st over - 2 runs, 2 hits, 0 errors, 0 left on base; Buffalo 2 - Phoenix 0
BOTTOM OF THE 1ST
Phoenix Hotspur batting - Pitching for Buffalo White Walkers : LHP Zhao-ji Qiu
Pitching: LHP Zhao-ji Qiu
Batting: RHB Alberto Ramírez 0-0: Swinging Strike
0-1: Ball
1-1: Called Strike
1-2: Strikes out swinging
Batting: RHB Dale Everest 0-0: Swinging Strike
0-1: Foul Ball, location: 2F
0-2: Ball
1-2: Foul Ball, location: 2F
1-2: Foul Ball, location: 2F
1-2: Foul Ball, location: 2F
1-2: Ground out 5-3 (Groundball, 5L, EV 105.6 MPH)
Batting: RHB Jonas van Claveren 0-0: Foul Ball, location: 2F
0-1: Ball
1-1: Fly out, F8 (Line Drive, 8RM, EV 91.9 MPH)
Bottom of the 1st over - 0 runs, 0 hits, 0 errors, 0 left on base; Buffalo 2 - Phoenix 0
TOP OF THE 2ND
Buffalo White Walkers batting - Pitching for Phoenix Hotspur : RHP Jorge Otero
Batting: RHB Tom Smythe 0-0: Ground out 1-3 (Groundball, 13S, EV 70.0 MPH)
Batting: LHB Gilberto Ocasio 0-0: Foul Ball, location: 2F
0-1: Fly out, F9 (Flyball, 89M, EV 85.0 MPH)
Batting: RHB Lester Kwiatkowski 0-0: Foul Ball, location: 2F
0-1: Ball
1-1: Ball
2-1: Ball
3-1: Foul Ball, location: 2F
3-2: Ground out 5-3 (Groundball, 56, EV 87.5 MPH)
Top of the 2nd over - 0 runs, 0 hits, 0 errors, 0 left on base; Buffalo 2 - Phoenix 0
BOTTOM OF THE 2ND
Phoenix Hotspur batting - Pitching for Buffalo White Walkers : LHP Zhao-ji Qiu
Batting: RHB Martín Talia 0-0: Called Strike
0-1: Foul Ball, location: 2F
0-2: Fly out, F3 (Line Drive, 3, EV 68.1 MPH)
Batting: LHB Tadayoshi Watanabe 0-0: Foul Ball, location: 2F
0-1: Foul Ball, location: 2F
0-2: Ground out U3 (Groundball, 34, EV 80.6 MPH)
Batting: RHB Myles Brundidge 0-0: Ball
1-0: Called Strike
1-1: SOLO HOME RUN (Flyball, 9LD, EV 88.8 MPH), Distance : 352 ft
Batting: RHB Brit Davis 0-0: Ball
1-0: Fly out, F9 (Line Drive, 9D, EV 92.5 MPH)
Bottom of the 2nd over - 1 run, 1 hit, 0 errors, 0 left on base; Buffalo 2 - Phoenix 1
TOP OF THE 3RD
Buffalo White Walkers batting - Pitching for Phoenix Hotspur : RHP Jorge Otero
Batting: RHB Pedro Álvarez 0-0: Called Strike
0-1: Foul Ball, location: 2F
0-2: Strikes out swinging
Batting: LHB Jesús Lazcano 0-0: Ball
1-0: Ball
2-0: Ball
3-0: Fly out, F7 (Line Drive, 7, EV 87.5 MPH)
Batting: SHB Max Bortenschlager 0-0: Hit by Pitch
Batting: SHB Je-myung Yu 0-0: Ball
1-0: Foul Ball, location: 2F
1-1: Foul Ball, location: 2F
1-2: Ball
2-2: Foul Ball, location: 2F
2-2: Foul Ball, location: 2F
2-2: SINGLE (Groundball, 56D, EV 96.9 MPH)
Max Bortenschlager to second
Batting: RHB Derek Bangert 0-0: Called Strike
0-1: Swinging Strike
0-2: Foul Ball, location: 2F
0-2: Strikes out swinging
Top of the 3rd over - 0 runs, 1 hit, 0 errors, 2 left on base; Buffalo 2 - Phoenix 1
BOTTOM OF THE 3RD
Phoenix Hotspur batting - Pitching for Buffalo White Walkers : LHP Zhao-ji Qiu
Batting: LHB Mare Riseley 0-0: Ball
1-0: Called Strike
1-1: Ball
2-1: SINGLE (Groundball, 34D, EV 103.1 MPH)
Batting: LHB Corey Ferguson 0-0: Ball
Balk!
Mare Riseley to second
1-0: Fly out, F9 (Line Drive, 9, EV 89.4 MPH)
Batting: RHB Alberto Ramírez 0-0: Ball
1-0: Foul Ball, location: 2F
1-1: Ball
2-1: Foul Ball, location: 2F
2-2: Ball
3-2: Base on Balls
Batting: RHB Dale Everest 0-0: Ball
Mare Riseley steals 3rd base
Alberto Ramírez to second
1-0: Foul Ball, location: 2F
1-1: Ground out 6-3 (Groundball, 6, EV 79.4 MPH)
Mare Riseley scores
Alberto Ramírez to third
Batting: RHB Jonas van Claveren 0-0: Foul Ball, location: 2F
0-1: Foul Ball, location: 2F
0-2: SINGLE (Line Drive, 7S, EV 101.2 MPH)
Alberto Ramírez scores
Batting: RHB Martín Talia 0-0: Ball
1-0: Foul Ball, location: 2F
1-1: Called Strike
1-2: Fly out, F7 (Flyball, 7LM, EV 90.0 MPH)
Bottom of the 3rd over - 2 runs, 2 hits, 0 errors, 1 left on base; Buffalo 2 - Phoenix 3
TOP OF THE 4TH
Buffalo White Walkers batting - Pitching for Phoenix Hotspur : RHP Jorge Otero
Batting: LHB Dread Roberts 0-0: Swinging Strike
0-1: Swinging Strike
0-2: Foul Ball, location: 2F
0-2: Foul Ball, location: 2F
0-2: DOUBLE (Line Drive, 9LS, EV 96.2 MPH)
Batting: RHB Tom Smythe 0-0: Foul Ball, location: 2F
0-1: Ball
1-1: Foul Ball, location: 2F
1-2: Strikes out swinging
Batting: LHB Gilberto Ocasio 0-0: Foul Ball, location: 2F
0-1: Ball
1-1: Called Strike
1-2: Foul Ball, location: 2F
1-2: Strikes out swinging
Batting: RHB Lester Kwiatkowski 0-0: Ball
1-0: Foul Ball, location: 2F
1-1: Ground out 6-3 (Groundball, 6S, EV 85.0 MPH)
Top of the 4th over - 0 runs, 1 hit, 0 errors, 1 left on base; Buffalo 2 - Phoenix 3
BOTTOM OF THE 4TH
Phoenix Hotspur batting - Pitching for Buffalo White Walkers : LHP Zhao-ji Qiu
Batting: LHB Tadayoshi Watanabe 0-0: Ball
1-0: DOUBLE (Line Drive, 7LM, EV 98.8 MPH)
Batting: RHB Myles Brundidge 0-0: Ball
1-0: Ball
2-0: SINGLE (Popup, 34D, EV 68.8 MPH)
Tadayoshi Watanabe to third
Batting: RHB Brit Davis 0-0: Called Strike
0-1: Ball
1-1: SINGLE (Groundball, 56D, EV 97.5 MPH)
Tadayoshi Watanabe scores
Myles Brundidge to second
Batting: LHB Mare Riseley 0-0: Called Strike
0-1: Ball
1-1: Ball
2-1: Swinging Strike
2-2: Strikes out swinging
Batting: LHB Corey Ferguson 0-0: Called Strike
0-1: Ball
1-1: Called Strike
1-2: Ball
2-2: Foul Ball, location: 2F
2-2: Grounds into double play, 6-4-3 (Groundball, 6, EV 83.8 MPH)
Bottom of the 4th over - 1 run, 3 hits, 0 errors, 1 left on base; Buffalo 2 - Phoenix 4
TOP OF THE 5TH
Buffalo White Walkers batting - Pitching for Phoenix Hotspur : RHP Jorge Otero
Batting: RHB Pedro Álvarez 0-0: Foul Ball, location: 2F
0-1: Swinging Strike
0-2: Ball
1-2: Ground out 6-3 (Groundball, 6, EV 88.1 MPH)
Batting: LHB Jesús Lazcano 0-0: Ball
1-0: Ball
2-0: Called Strike
2-1: Ground out 4-3 (Groundball, 34D, EV 109.4 MPH)
Batting: SHB Max Bortenschlager 0-0: Foul Ball, location: 2F
0-1: Ball
1-1: Ground out 5-3 (Groundball, 5, EV 106.9 MPH)
Top of the 5th over - 0 runs, 0 hits, 0 errors, 0 left on base; Buffalo 2 - Phoenix 4
BOTTOM OF THE 5TH
Phoenix Hotspur batting - Pitching for Buffalo White Walkers : LHP Zhao-ji Qiu
Batting: RHB Alberto Ramírez 0-0: Ball
1-0: Called Strike
1-1: Called Strike
1-2: Ball
2-2: Fly out, F8 (Flyball, 8RD, EV 92.5 MPH)
Batting: RHB Dale Everest 0-0: Called Strike
0-1: Swinging Strike
0-2: Ball
1-2: Foul Ball, location: 2F
1-2: Foul Ball, location: 2F
1-2: Ball
2-2: Ball
3-2: Base on Balls
Batting: RHB Jonas van Claveren 0-0: Ball
1-0: Called Strike
Pickoff Throw by Catcher to First - Error! E2
Dale Everest to second
1-1: Ball
2-1: Fly out, F8 (Flyball, 8LXD, EV 96.9 MPH)
Runner from 2nd tags up, SAFE at 3rd, no throw by CF
Batting: RHB Martín Talia 0-0: Called Strike
0-1: Fly out, F9 (Flyball, 89S, EV 96.9 MPH)
Bottom of the 5th over - 0 runs, 0 hits, 1 error, 1 left on base; Buffalo 2 - Phoenix 4
TOP OF THE 6TH
Buffalo White Walkers batting - Pitching for Phoenix Hotspur : RHP Jorge Otero
Batting: SHB Je-myung Yu 0-0: Ball
1-0: Ball
2-0: Called Strike
2-1: Foul Ball, location: 2F
2-2: Strikes out swinging
Batting: RHB Derek Bangert 0-0: Called Strike
0-1: Ball
1-1: Foul Ball, location: 2F
1-2: Foul Ball, location: 2F
1-2: Reaches on Catchers interference
Batting: LHB Dread Roberts 0-0: Ball
1-0: Swinging Strike
1-1: Foul Ball, location: 2F
1-2: Ball
2-2: Foul Ball, location: 2F
2-2: Ball
3-2: SINGLE (Line Drive, 7LM, EV 101.2 MPH)
Derek Bangert to second
Batting: RHB Tom Smythe 0-0: Foul Ball, location: 2F
0-1: Foul Ball, location: 2F
0-2: Ball
1-2: Strikes out swinging
Batting: LHB Gilberto Ocasio 0-0: Fielders Choice at 2nd, 6-4 (Groundball, 6, EV 106.9 MPH)
Top of the 6th over - 0 runs, 1 hit, 1 error, 2 left on base; Buffalo 2 - Phoenix 4
BOTTOM OF THE 6TH
Phoenix Hotspur batting - Pitching for Buffalo White Walkers : LHP Zhao-ji Qiu
Batting: LHB Tadayoshi Watanabe 0-0: Ball
1-0: Swinging Strike
1-1: Ground out 4-3 (Groundball, 4, EV 87.5 MPH)
Batting: RHB Myles Brundidge 0-0: Ball
1-0: Ground out 6-3 (Groundball, 6M, EV 104.4 MPH)
Batting: RHB Brit Davis 0-0: Ground out 1-3 (Groundball, P, EV 60.0 MPH)
Bottom of the 6th over - 0 runs, 0 hits, 0 errors, 0 left on base; Buffalo 2 - Phoenix 4
TOP OF THE 7TH
Buffalo White Walkers batting - Pitching for Phoenix Hotspur : RHP Jorge Otero
Batting: RHB Lester Kwiatkowski 0-0: Ball
1-0: Ball
2-0: Fly out, F9 (Flyball, 9LD, EV 99.4 MPH)
Batting: RHB Pedro Álvarez 0-0: Ground out 2-3 (Groundball, 15S, EV 67.5 MPH)
Batting: LHB Jesús Lazcano 0-0: Ball
1-0: Called Strike
1-1: Called Strike
1-2: Ball
2-2: SOLO HOME RUN (Flyball, 9D, EV 105.0 MPH), Distance : 386 ft
Batting: SHB Max Bortenschlager 0-0: Called Strike
0-1: SINGLE (Groundball, 56D, EV 109.4 MPH)
Pitching: RHP Tony Ramírez
Batting: SHB Je-myung Yu 0-0: Foul Ball, location: 2F
0-1: Ball
1-1: Swinging Strike
1-2: Strikes out looking
Top of the 7th over - 1 run, 2 hits, 0 errors, 1 left on base; Buffalo 3 - Phoenix 4
BOTTOM OF THE 7TH
Phoenix Hotspur batting - Pitching for Buffalo White Walkers : LHP Zhao-ji Qiu
Batting: LHB Mare Riseley 0-0: Called Strike
0-1: Ball
1-1: Ball
2-1: SINGLE (Groundball, 6MD, EV 110.0 MPH)
Batting: LHB Corey Ferguson 0-0: Called Strike
0-1: Ball
1-1: Ball
2-1: SINGLE (Groundball, 3, EV 99.4 MPH) (infield hit)
Mare Riseley to second
Batting: RHB Alberto Ramírez 0-0: Bunt missed!
0-1: Reached on error, E3 (Groundball, 3S, EV 43.8 MPH)
Mare Riseley to third
Corey Ferguson to second
Pitching: LHP Amberlan Romubio
Batting: RHB Dale Everest 0-0: Called Strike
0-1: Ball
1-1: Foul Ball, location: 2F
1-2: Strikes out looking
Batting: RHB Jonas van Claveren 0-0: Foul Ball, location: 2F
0-1: Foul Ball, location: 2F
0-2: Ball
1-2: Fly out, F8 (Line Drive, 8RM, EV 90.6 MPH)
Runner from 3rd tags up, OUT at HOME! 8-2
Bottom of the 7th over - 0 runs, 2 hits, 1 error, 2 left on base; Buffalo 3 - Phoenix 4
TOP OF THE 8TH
Buffalo White Walkers batting - Pitching for Phoenix Hotspur : RHP Tony Ramírez
Batting: RHB Derek Bangert 0-0: Ball
1-0: Ball
2-0: Ball
3-0: Base on Balls
Pitching: LHP Rust Cohle
Pinch Hitting: RHB Daryl Yandell 0-0: Called Strike
0-1: Fly out, F4 (Popup, 4M, EV 65.6 MPH)
Batting: RHB Tom Smythe 0-0: Ball
1-0: SINGLE (Line Drive, 9S, EV 103.8 MPH)
Derek Bangert to second
Runner from 2nd tries for 3rd, SAFE, throw by RF made to third
Batting: LHB Gilberto Ocasio 0-0: Called Strike
0-1: Ball
1-1: Ball
2-1: Ball
3-1: Reached on error, E4 (Groundball, 4M, EV 87.5 MPH)
Derek Bangert scores
Tom Smythe to second
Batting: RHB Lester Kwiatkowski 0-0: Called Strike
Tom Smythe steals 3rd base
Gilberto Ocasio to second
0-1: Ball
1-1: Intentional Walk
Batting: RHB Pedro Álvarez 0-0: Swinging Strike
0-1: Ball
1-1: SINGLE (Groundball, 34, EV 87.5 MPH) (infield hit)
Tom Smythe scores
Gilberto Ocasio to third
Lester Kwiatkowski to second
Batting: LHB Jesús Lazcano 0-0: Grounds into fielders choice 4-2 (Groundball, 34S, EV 90.6 MPH)
Lester Kwiatkowski to third
Pedro Álvarez to second
Batting: SHB Max Bortenschlager 0-0: Fielders Choice at 2nd, 6-4 (Groundball, 6, EV 83.1 MPH)
Top of the 8th over - 2 runs, 2 hits, 1 error, 3 left on base; Buffalo 5 - Phoenix 4
BOTTOM OF THE 8TH
Phoenix Hotspur batting - Pitching for Buffalo White Walkers : LHP Amberlan Romubio
Now in LF: Luis Tañón
Batting: RHB Martín Talia 0-0: Called Strike
0-1: Called Strike
0-2: Ball
1-2: Strikes out swinging
Batting: LHB Tadayoshi Watanabe 0-0: Ground out 4-3 (Groundball, 4, EV 88.8 MPH)
Batting: RHB Myles Brundidge 0-0: Ground out 6-3 (Groundball, 6S, EV 84.4 MPH)
Bottom of the 8th over - 0 runs, 0 hits, 0 errors, 0 left on base; Buffalo 5 - Phoenix 4
TOP OF THE 9TH
Buffalo White Walkers batting - Pitching for Phoenix Hotspur : LHP Rust Cohle
Batting: SHB Je-myung Yu 0-0: Called Strike
0-1: Swinging Strike
0-2: Ball
1-2: Ball
2-2: Strikes out swinging
Batting: RHB Derek Bangert 0-0: Ball
1-0: Ball
2-0: Called Strike
2-1: Called Strike
2-2: Foul Ball, location: 2F
2-2: Foul Ball, location: 2F
2-2: Foul Ball, location: 2F
2-2: Foul Ball, location: 2F
2-2: Ball
3-2: Fly out, F8 (Flyball, 89D, EV 81.2 MPH)
Batting: RHB Luis Tañón 0-0: Ball
1-0: SINGLE (Line Drive, 5D, EV 111.9 MPH)
Batting: RHB Tom Smythe 0-0: Ball
1-0: Ball
2-0: Called Strike
2-1: Swinging Strike
2-2: Strikes out swinging
Top of the 9th over - 0 runs, 1 hit, 0 errors, 1 left on base; Buffalo 5 - Phoenix 4
BOTTOM OF THE 9TH
Phoenix Hotspur batting - Pitching for Buffalo White Walkers : LHP Amberlan Romubio
Pitching: RHP Woodward Haberdash
Batting: RHB Brit Davis 0-0: Called Strike
0-1: Called Strike
0-2: Ball
1-2: Ball
2-2: Strikes out swinging
Batting: LHB Mare Riseley 0-0: Swinging Strike
0-1: Ball
1-1: Swinging Strike
1-2: Ground out 4-3 (Groundball, 4, EV 88.1 MPH)
Batting: LHB Corey Ferguson 0-0: Called Strike
0-1: Ball
1-1: Ball
2-1: SINGLE (Groundball, 34D, EV 108.1 MPH)
Batting: RHB Alberto Ramírez 0-0: Foul Ball, location: 2F
0-1: Ball
1-1: Ball
2-1: Foul Ball, location: 2F
2-2: Fly out, F5 (Line Drive, 5, EV 66.9 MPH)
Bottom of the 9th over - 0 runs, 1 hit, 0 errors, 1 left on base; Buffalo 5 - Phoenix 4
Friday, April 17th, 2020 - OOTP Baseball 20.8 Build 74